 Seeded DCSS version 0.29.1-12-g30fa7ad0bf (webtiles) character file.

Game seed: 20230114 (custom seed)

505 stormannn the Magician (level 6, -4/45 HPs)
             Began as a Demigod Conjurer on Jan 14, 2023.
             Slain by Duvessa
             ... wielding a +0 short sword
              (12 damage)
             ... on level 4 of the Dungeon.
             The game lasted 00:09:47 (5869 turns).

stormannn the Magician (Demigod Conjurer)           Turns: 5869, Time: 00:09:52

Health: -4/45      AC:  3    Str:  8    XL:     6   Next: 64%
Magic:  8/17       EV: 12    Int: 26    God:
Gold:   184        SH:  4    Dex: 12    Spells: 12/15 levels left

rFire   + . .      SeeInvis .   x - +3 sling "Bear" {vorpal, rF+}
rCold   . . .      Faith    .   (no shield)
rNeg    . . .      Spirit   .   a - +0 robe
rPois   .          Reflect  .   l - +0 helmet
rElec   +          Harm     .   (no cloak)
rCorr   .          Rampage  .   (no gloves)
Will    .....                   (no boots)
Stlth   ++........              (no amulet)
HPRegen 0.15/turn               (no ring)
MPRegen 0.15/turn               (no ring)

@: no status effects
A: high MP 1, forlorn, divine attributes, hooves 1, large bone plates 1, dopey
1, electricity resistance
a: no special abilities


You were on level 4 of the Dungeon.
You visited 1 branch of the dungeon, and saw 5 of its levels.

You collected 184 gold pieces.

Inventory:

Hand Weapons
 g - a +1 short sword
 x - the +3 sling "Bear" (weapon) {vorpal, rF+}
   (You found it on level 5 of the Dungeon)

   Any ammunition fired from it inflicts extra damage upon your enemies.
   rF:        It protects you from fire.
Missiles
 d - a poisoned dart
 v - 3 curare-tipped darts
Armour
 a - a +0 robe (worn)
 l - a +0 helmet (worn)
Jewellery
 e - an amulet of guardian spirit
Wands
 u - a wand of iceblast (5)
Scrolls
 c - a scroll of teleportation
 m - a scroll of fear {unknown}
 s - a scroll of vulnerability
 t - a scroll of immolation
 w - a scroll of enchant armour {unknown}
 y - a scroll of enchant weapon
Potions
 b - a potion of magic
 f - 2 potions of mutation
 h - a potion of haste {unknown}
 i - 5 potions of curing
 j - a potion of attraction {unknown}
 k - 3 potions of flight
 n - 3 potions of heal wounds
 o - a potion of resistance {unknown}
 p - a potion of might {unknown}
 q - a potion of ambrosia {unknown}
 r - a potion of lignification {unknown}
 z - a potion of brilliance {unknown}


   Skills:
 - Level 1.7 Dodging
 - Level 1.7 Stealth
 * Level 5.3 Spellcasting
 + Level 5.2 Conjurations


You had 12 spell levels left.
You knew the following spells:

 Your Spells              Type           Power      Damage    Failure   Level
a - Magic Dart            Conj           100%       1d8       1%          1
b - Searing Ray           Conj           68%        2d6       1%          2

Your spell library contained the following spells:

 Spells                   Type           Power      Damage    Failure   Level
 Foxfire                  Conj/Fire      80%        2x1d8     2%          1
 Sandblast                Erth           12%        2d6       8%          1
 Conjure Flame            Conj/Fire      20%        6-21      8%          3
 Dazzling Flash           Conj/Hex       40%        N/A       8%          3
 Stone Arrow              Conj/Erth      40%        3d9       8%          3
 Passwall                 Tmut/Erth      5%         N/A       12%         2
 Ignite Poison            Fire/Tmut/Pois 6%         N/A       22%         3
 Inner Flame              Hex/Fire       6%         N/A       22%         3
 Flame Wave               Conj/Fire      20%        2d7       26%         4
 Fulminant Prism          Conj/Hex       10%        3d9       26%         4
 Iskenderun's Mystic Bla  Conj/Tloc      20%        2d6       26%         4
 Sticky Flame             Conj/Fire      20%        2d4       26%         4
 Animate Armour           Summ/Erth      12%        N/A       58%         4
 Blade Hands              Tmut           3%         N/A       91%         5
 Iron Shot                Conj/Erth      10%        9d3       98%         6


Dungeon Overview and Level Annotations

Branches:
Dungeon (5/15)
 Temple: D:4-7

Shops:
D:4 (   D:5 *(?*

Annotations:
D:4 3 runed translucent doors, 1 exclusion, Duvessa; stormannn's ghost, amateur DgCj


Innate Abilities, Weirdness & Mutations

You have an increased reservoir of magic. (+10% MP)
You shall have no god before yourself.
Your divine heritage dramatically boosts your attributes as you level up.
You have large cloven feet.
You are partially covered in large bone plates. (SH +4)
You are dopey. (Int -2)
You are resistant to electric shocks. (rElec)


Message History

Casting: Magic Dart (safe; 1% risk of failure)
Confirm with . or Enter, or press ? or * to list all spells.
Aiming: Searing Ray (safe; 1% risk of failure)
Press: ? - help, Shift-Dir - straight line, f - Duvessa
Aim: Duvessa, wielding a +0 short sword, wearing a +0 leather armour and carrying a wand of flame (14) (berserk, 83% to hit)
The searing ray hits Duvessa.
Duvessa is lightly wounded. (Press . to maintain the ray.)
The searing ray hits Duvessa!
Duvessa is lightly wounded.
Duvessa closely misses you.
The searing ray hits Duvessa.
Duvessa is lightly wounded.
Duvessa hits you with a +0 short sword!
The searing ray hits Duvessa.
Duvessa is moderately wounded.
You finish channelling your searing ray.
Duvessa hits you with a +0 short sword. Duvessa hits you with a +0 short sword!
Casting: Searing Ray (safe; 1% risk of failure)
Confirm with . or Enter, or press ? or * to list all spells.
Aiming: Searing Ray (safe; 1% risk of failure)
Press: ? - help, Shift-Dir - straight line, f/p - Duvessa
Aim: Duvessa, wielding a +0 short sword, wearing a +0 leather armour and carrying a wand of flame (14) (moderately wounded, berserk, 83% to hit)
The searing ray hits Duvessa!
Duvessa is heavily wounded. (Press . to maintain the ray.) Duvessa closely misses you.
The searing ray hits Duvessa!
Duvessa is heavily wounded.
You block Duvessa's attack. Duvessa barely misses you.
The searing ray hits Duvessa.
Duvessa is severely wounded.
Duvessa hits you with a +0 short sword.
The searing ray hits Duvessa!
Duvessa is almost dead.
You finish channelling your searing ray.
Duvessa hits you with a +0 short sword!
* * * LOW HITPOINT WARNING * * *
Duvessa hits you with a +0 short sword!
You die...

#.................
#........####.##.#
#>.......###...#.#
#.......)##......#
####.######.........#
#......# ######.####
#.##.#.# #.# #.##e#.#
#.# #.##@#.# ##+##
#.##.#.# ##...##
#.##.#.# ##.....##
#.##.#.## ##.......#
#.##....####.........
#..........'.........
####....####.........
#.#.## ##.......#
#.### ##..(..##


You could see Duvessa (berserk).

Vanquished Creatures
  A black bear (D:5)
  A scorpion (D:5)
  Dowan (D:4)
  3 hounds (D:5)
  A jelly (D:4)
  An iguana (D:5)
  Robin (D:3)
  6 adders
  A white imp (D:5)
  An ufetubus (D:4)
  A worm (D:2)
  An orc (D:5)
  3 ball pythons
  4 endoplasms
  6 giant cockroaches
  15 goblins
  10 hobgoblins
  6 jackals
  3 quokkas
  4 bats
  3 frilled lizards
  7 kobolds
  8 rats
88 creatures vanquished.

Notes
Turn   | Place    | Note
-------+----------+-------------------------------------------
     0 | D:1      | stormannn the Demigod Conjurer began the quest for the Orb.
     0 | D:1      | Reached XP level 1. HP: 14/14 MP: 5/5
   408 | D:1      | Reached XP level 2. HP: 20/20 MP: 4/7
  1391 | D:2      | Reached XP level 3. HP: 12/26 MP: 0/9
  2086 | D:3      | Noticed Robin
  2542 | D:3      | Killed Robin
  2549 | D:3      | Gained mutation: You have hidden genetic potential. [potion
                  | of mutation]
  2549 | D:3      | Gained mutation: Your muscles are strong. (Str +4, Int/Dex
                  | -1) [potion of mutation]
  2549 | D:3      | Gained mutation: Your flesh is cold resistant. (rC+)
                  | [potion of mutation]
  2865 | D:3      | Lost mutation: Your muscles are strong. (Str +4, Int/Dex
                  | -1) [potion of mutation]
  2865 | D:3      | Lost mutation: You have hidden genetic potential. [potion
                  | of mutation]
  2865 | D:3      | Lost mutation: Your flesh is cold resistant. (rC+) [potion
                  | of mutation]
  2865 | D:3      | Gained mutation: You have hidden genetic potential. [potion
                  | of mutation]
  2865 | D:3      | Gained mutation: You are partially covered in large bone
                  | plates. (SH +4) [potion of mutation]
  2865 | D:3      | Gained mutation: You are dopey. (Int -2) [potion of
                  | mutation]
  2984 | D:3      | Reached XP level 4. HP: 33/33 MP: 5/11
  4207 | D:4      | Gained mutation: You are resistant to electric shocks.
                  | (rElec) [hidden potential]
  4463 | D:4      | Noticed Dowan
  4478 | D:4      | Killed Dowan
  4479 | D:4      | Reached XP level 5. HP: 35/38 MP: 11/14
  4598 | D:4      | Found Ythreule's Antique Weapon Shoppe.
  4733 | D:4      | Found a runed translucent gate.
  4735 | D:4      | Found a runed translucent gate.
  4735 | D:4      | Noticed stormannn's ghost (amateur DgCj)
  4736 | D:4      | Found a runed translucent gate.
  4834 | D:5      | Entered Level 5 of the Dungeon
  4898 | D:5      | Learned a level 2 spell: Searing Ray
  5007 | D:5      | Found Cetwah's Antique Weapon Boutique.
  5021 | D:5      | Found Penoagha's General Store.
  5021 | D:5      | Found Utiteumn's General Store.
  5021 | D:5      | Noticed a black bear
  5032 | D:5      | Killed a black bear
  5038 | D:5      | Gained mutation: You have large cloven feet. [hidden
                  | potential]
  5038 | D:5      | Lost mutation: You have hidden genetic potential. [hidden
                  | potential expressed]
  5096 | D:5      | Reached XP level 6. HP: 43/45 MP: 11/16
  5104 | D:5      | Reached skill level 5 in Conjurations
  5346 | D:5      | Found Ruovyuro's Magic Scroll Boutique.
  5352 | D:5      | Identified the +3 sling "Bear" {vorpal, rF+}
  5434 | D:5      | Reached skill level 5 in Spellcasting
  5861 | D:4      | Noticed Duvessa
  5869 | D:4      | Slain by Duvessa

Illustrated notes

Levels and vault maps discovered:
D:1:      reono_arrival_mine, layout_basic, minmay_misc_feat_four_crosses
D:2:      layout_rooms, shapermc_ecumenical_altar_petra
D:3:      layout_basic, uniq_robin
D:4:      layout_loops_corners, serial_shops, shop,
          gammafunk_ghost_nasty_kobolds, uniq_duvessa
D:5:      layout_loops_ring, hangedman_decor_clover_reticule,
          minmay_shop_grid_forest, corexii_checkpoint_a, kennysheep_another_room

Skill      XL: |  1  2  3  4  5  6 |
---------------+-------------------+-----
Spellcasting   | 2 3 4 5 |  5.3
Conjurations   | 4 5 |  5.2
Dodging        | |  1.7
Stealth        | |  1.7

Action                   |  1- 3 |  4- 6 || total
-------------------------+-------+-------++-------
Melee: Short sword       |    10 |       ||    10
       Unarmed           |     4 |       ||     4
       Punch             |     1 |       ||     1
Throw: Dart              |       |     3 ||     3
 Cast: Magic Dart        |   109 |    64 ||   173
       Searing Ray       |       |    10 ||    10
  Use: Scroll            |     7 |     4 ||    11
       Potion            |     2 |       ||     2
Armor: Robe              |    11 |     1 ||    12
Dodge: Dodged            |    24 |     7 ||    31
Block: Other             |       |     3 ||     3
